Map: Dash and Terminal LE (Void)

Players

Mesothelae

  • Race: Protoss Protoss
  • League: Grandmaster

Valhanis - Winner!

  • Race: Zerg Zerg
  • League: Grandmaster

VOD

Have the link to the VOD?

Description

Time

  • Played on: Sept. 21, 2015, 3:55 p.m.
  • Length: 14:12
Show
View Real Time Build Order
Export as new Build Order

Mesothelae Protoss 

Build Orders:  

Get SALT Encoding   

  12  0:00  Probe (Chrono Boost)  
  13  0:10  Probe (Chrono Boost)  
  14  0:16  Assimilator  
  14  0:20  Probe (Chrono Boost)  
  15  0:28  Pylon  
  15  0:46  Probe (Chrono Boost)  
  15  0:48  Gateway  
  16  0:56  Probe (Chrono Boost)  
  17  1:06  Probe (Chrono Boost)  
  18  1:16  Probe (Chrono Boost)  
  19  1:19  Pylon  
  19  1:26  Probe (Chrono Boost)  
  20  1:36  Cybernetics Core, Probe (Chrono Boost)  
  21  1:43  Assimilator  
  21  1:57  Nexus  
  21  2:13  Warp Gate  
  21  2:14  Adept (Chrono Boost)  
  23  2:16  Mothership Core (Chrono Boost)  
  25  2:32  Gateway  
  25  2:35  Probe (Chrono Boost)  
  26  2:45  Probe (Chrono Boost)  
  27  2:57  Adept  
  29  3:02  Robotics Facility  
  29  3:04  Pylon  
  29  3:06  Probe (Chrono Boost)  
  29  3:12  Probe (Chrono Boost)  
  31  3:16  Probe (Chrono Boost)  
  32  3:26  Probe (Chrono Boost)  
  31  3:57  Probe (Chrono Boost)  
  32  4:03  Robotics Bay  
  32  4:05  Gateway  
  32  4:07  Probe (Chrono Boost), Gateway  
  33  4:13  Immortal (Chrono Boost)  
  33  4:16  Probe (Chrono Boost)  
  38  4:25  Probe (Chrono Boost)  
  38  4:27  Probe (Chrono Boost)  
  40  4:33  Assimilator  
  40  4:34  Assimilator  
  40  4:35  Probe (Chrono Boost)  
  40  4:36  Probe (Chrono Boost), Pylon  
  42  4:45  Probe (Chrono Boost)  
  39  4:46  Probe (Chrono Boost)  
  39  4:48  Adept x2  
  36  4:54  Probe (Chrono Boost)  
  36  4:56  Probe (Chrono Boost)  
  35  5:15  Probe (Chrono Boost)  
  35  5:16  Probe (Chrono Boost)  
  36  5:25  Probe (Chrono Boost)  
  36  5:26  Probe (Chrono Boost)  
  36  5:31  Adept x4  
  36  5:35  Probe (Chrono Boost)  
  45  5:36  Probe (Chrono Boost)  
  42  5:45  Probe (Chrono Boost)  
  42  5:46  Probe (Chrono Boost)  
  35  5:53  Disruptor  
  35  5:55  Probe (Chrono Boost)  
  34  5:57  Adept x2  
  34  5:58  Adept  
  38  6:20  Pylon  
  38  6:21  Pylon  
  38  6:23  Pylon  
  38  6:43  Adept x4  
  46  7:16  Nexus  
  46  7:17  Pylon  
  27  8:17  Stalker x3  
  27  8:18  Stalker  
  35  8:21  Immortal (Chrono Boost), Forge  
  39  8:37  Pylon  
  39  8:38  Pylon  
  39  8:43  Probe  
  40  8:53  Probe, Assimilator  
  41  8:56  Probe  
  42  9:03  Probe  
  42  9:06  Sentry  
  42  9:07  Sentry  
  47  9:13  Probe  
  47  9:14  Stalker  
  50  9:17  Sentry  
  52  9:26  Disruptor (Chrono Boost)  
  52  9:30  Probe  
  55  9:36  Assimilator  
  56  9:43  Probe  
  57  9:52  Stalker  
  59  9:53  Sentry  
  59  9:55  Probe, Disruptor (Chrono Boost)  
  57  10:07  Probe  
  57  10:32  Adept  
  57  10:34  Sentry x2  
  57  10:35  Sentry, Pylon  
  64  10:49  Nexus  
  64  10:56  Probe  
  64  11:00  Probe  
  66  11:06  Probe  
  67  11:12  Probe  
  67  11:14  Protoss Ground Weapons Level 1 (Chrono Boost)  
  67  11:16  Probe  
  64  11:24  Probe  
  53  11:26  Probe  
  50  11:36  Probe  
  51  11:40  Adept x2  
  51  11:41  Adept x2  
  51  11:45  Photon Cannon  
  59  11:51  Twilight Council  
  59  11:53  Disruptor (Chrono Boost)  
  59  12:00  Probe  
  62  12:05  Probe  
  62  12:06  Probe  
  65  12:10  Probe  
  66  12:16  Probe  
  66  12:20  Probe  
  68  12:23  Disruptor (Chrono Boost)  
  68  12:29  Probe  
  72  12:38  Probe  
  72  12:39  Probe x2  
  75  12:48  Adept x2  
  75  12:49  Probe x2, Adept  
  83  12:59  Probe  
  84  13:09  Probe  
  85  13:19  Probe  
  86  13:29  Probe, Pylon  
  86  13:30  Assimilator  
  87  13:34  Assimilator  
  62  13:46  Adept x3  
  62  13:47  Adept  
Show
View Real Time Build Order
Export as new Build Order

Valhanis Zerg - Winner!

Build Orders: 3 Hatch before Pool 

Get SALT Encoding   

  12  0:01  Drone  
  13  0:22  Overlord  
  13  0:27  Drone  
  14  0:33  Extractor x2  
  14  0:35  Drone x2  
  16  0:47  Drone  
  17  1:00  Hatchery  
  17  1:03  Drone  
  17  1:16  Drone  
  18  1:19  Overlord  
  18  1:42  Hatchery  
  18  1:44  Spawning Pool  
  16  1:47  Drone  
  16  1:50  Extractor  
  16  1:53  Drone  
  17  1:55  Drone  
  18  2:04  Drone  
  19  2:16  Drone x2  
  21  2:24  Drone  
  21  2:26  Drone  
  23  2:31  Queen  
  23  2:34  Queen  
  27  2:38  Zergling x2  
  27  2:39  Zergling x2  
  29  2:50  Overlord  
  29  2:52  Overlord  
  29  2:57  Metabolic Boost  
  29  3:02  Queen  
  31  3:18  Drone x3  
  34  3:26  Drone x3, Extractor  
  34  3:27  Drone x2  
  38  3:29  Drone  
  39  3:34  Zergling x2  
  40  3:43  Zergling x6  
  42  3:51  Zergling x2  
  42  3:52  Zergling x10  
  47  4:07  Drone x3  
  47  4:09  Overlord x2  
  50  4:28  Drone x2  
  48  5:00  Zergling x2  
  48  5:01  Zergling x32  
  63  5:09  Drone x4  
  63  5:10  Drone  
  65  5:27  Zergling x4  
  65  5:29  Overlord x3  
  58  5:54  Drone x16  
  72  6:12  Hatchery  
  64  6:18  Lair  
  64  6:20  Drone x8  
  64  6:21  Drone x7  
  64  6:24  Extractor  
  64  6:25  Extractor  
  75  6:32  Roach Warren  
  74  6:48  Queen  
  74  6:53  Zergling x24  
  86  7:09  Evolution Chamber  
  86  7:11  Evolution Chamber  
  83  7:27  Extractor  
  83  7:29  Extractor  
  71  7:31  Roach x12  
  94  7:38  Zerg Ground Armor Level 1  
  94  7:39  Zerg Melee Weapons Level 1  
  87  7:56  Glial Reconstitution  
  80  8:03  Drone x3  
  81  8:09  Roach  
  81  8:10  Roach x6  
  81  8:11  Overlord x4  
  81  8:12  Overlord  
  95  8:29  Queen  
  97  8:37  Infestation Pit  
  96  8:42  Zergling x26  
  109  8:58  Overseer  
  109  9:08  Drone x4, Hydralisk Den  
  112  9:10  Drone  
  112  9:11  Drone x6  
  119  9:23  Lurker Den  
  119  9:39  Hive  
  119  9:43  Drone x4  
  119  9:44  Drone x3  
  100  10:14  Hydralisk x6  
  100  10:15  Hydralisk x11  
  127  10:29  Drone x4  
  127  10:32  Extractor  
  127  10:33  Extractor  
  129  10:44  Roach x3  
  129  10:49  Zerg Ground Armor Level 2  
  135  10:53  Zerg Missile Weapons Level 1  
  135  11:01  Ultralisk Cavern  
  91  11:31  Zergling x32  
  91  11:32  Zergling x38  
  119  11:47  Drone  
  119  11:50  Zergling x14  
  119  11:51  Zergling x2  
  127  11:54  Chitinous Plating  
  127  11:56  Ultralisk  
  127  11:57  Overlord  
  127  11:58  Overlord  
  133  12:16  Hatchery  
  132  12:25  Ultralisk x3  
  132  12:28  Overlord x5  
  150  12:33  Drone  
  150  12:34  Drone  
  152  12:46  Ultralisk x3  
  152  12:47  Ultralisk  
  152  12:49  Zergling x10  
  156  13:50  Lurker x2  
  156  13:51  Lurker  
Tags
 
Add a new tag
Caveats
  • Supply blocks, unpowered buildings, or Contaminate may cause inaccurate times.
  • Supply counts are checked every 10 seconds.